 Dungeon Crawl Stone Soup version 0.30-a0-1157-g2cc9ac7196 (webtiles) character file.

Game seed: 891055849470428839

277 voltaire321 the Shield-Bearer (level 6, -1/55 HPs)
             Began as a Minotaur Fighter on Apr 24, 2023.
             Slain by a gnoll
             ... wielding a +0 whip
             ... led by a gnoll bouda
              (4 damage)
             ... on level 5 of the Dungeon.
             The game lasted 00:04:53 (3243 turns).

voltaire321 the Shield-Bearer (Minotaur Fighter)    Turns: 3243, Time: 00:04:54

Health: -1/55      AC:  9    Str: 22    XL:     6   Next: 4%
Magic:  5/5        EV: 15    Int:  5    God:
Gold:   347        SH:  5    Dex: 10    Spells: 5/5 levels left

rFire   . . .        a - +0 long sword
rCold   . . .        c - +0 buckler
rNeg    . . .        b - +0 scale mail
rPois   .            m - +2 hat
rElec   .            (no cloak)
rCorr   .            (no gloves)
SInv    .            (no boots)
Will    .....        (no amulet) Stlth
                     o - +5 ring of evasion
HPRegen 0.29/turn    (no ring)
MPRegen 0.09/turn

%: no passive effects
@: weakened
A: horns 2, retaliatory headbutt
a: no special abilities


You were on level 5 of the Dungeon.
You visited 1 branch of the dungeon, and saw 5 of its levels.

You collected 347 gold pieces.

Inventory:

Hand Weapons
 a - a +0 long sword (weapon)
Armour
 b - a +0 scale mail (worn)
 c - a +0 buckler (worn)
 m - a +2 hat (worn)
Jewellery
 o - a +5 ring of evasion (left hand)
Scrolls
 e - a scroll of noise {unknown}
 i - 3 scrolls of vulnerability {unknown}
 j - 4 scrolls of identify {unknown}
 k - 2 scrolls of magic mapping {unknown}
 l - a scroll of silence {unknown}
 s - a scroll of teleportation {unknown}
Potions
 d - 2 potions of might
 f - 5 potions of brilliance {unknown}
 g - a potion of lignification {unknown}
 h - 2 potions of attraction {unknown}
 n - a potion of degeneration {unknown}
 p - a potion of curing {unknown}
 q - a potion of heal wounds {unknown}
 r - 2 potions of mutation {unknown}


   Skills:
 + Level 4.8 Fighting
 + Level 4.0 Long Blades
 + Level 4.8 Armour
 + Level 2.6 Dodging
 + Level 4.9 Shields


You had 5 spell levels left.
You didn't know any spells.
Your spell library contained the following spells:

 Spells                   Type           Power      Damage    Failure   Level
 Kiss of Death            Conj/Necr      0%         2d5       85%         1
 Slow                     Hex            0%         N/A       85%         1
 Lesser Beckoning         Tloc           0%         N/A       94%         2
 Confusing Touch          Hex            0%         N/A       99%         3
 Gell's Gravitas          Tloc           0%         N/A       99%         3
 Teleport Other           Tloc           0%         N/A       99%         3
 Vampiric Draining        Necr           0%         2d6       99%         3
 Dispel Undead            Necr           0%         3d6       100%        4
 Fireball                 Conj/Fire      0%         3d3       100%        5
 Iskenderun's Battlesphe  Conj           0%         2d6       100%        5
 Conjure Ball Lightning   Conj/Air       0%         3x3d6     100%        6
 Simulacrum               Ice/Necr       0%         N/A       100%        6
 Orb of Destruction       Conj           0%         9d5       100%        7
 Ozocubu's Refrigeration  Ice            0%         4d7       100%        7
 Polar Vortex             Ice            0%         N/A       100%        9


Dungeon Overview and Level Annotations

Branches:
Dungeon (5/15)
 Temple: D:4-7

Altars:

Shops:
D:4 =


Innate Abilities, Weirdness & Mutations

You have a pair of horns on your head.
You reflexively headbutt those who attack you in melee.


Message History

The gnoll closely misses you.
You hit the gnoll bouda.
The gnoll bouda is lightly wounded.
The gnoll barely misses you. You furiously retaliate!
You headbutt the gnoll, but do no damage.
The gnoll barely misses you. You furiously retaliate!
You headbutt the gnoll! You block the gnoll bouda's attack.
The gnoll hits you with a +0 flail. The gnoll hits you with a +0 whip. x2
You barely miss the gnoll bouda. You headbutt the gnoll bouda.
The gnoll bouda is moderately wounded.
The gnoll hits you but does no damage.
The gnoll bouda hits you with a +0 whip!
The gnoll barely misses you.
The gnoll hits you but does no damage. x2
You block the gnoll's attack.
You closely miss the gnoll bouda.
You headbutt the gnoll bouda, but do no damage.
The gnoll bouda is moderately wounded.
The gnoll bouda calls upon its god to heal the gnoll.
The gnoll is healed somewhat.
The gnoll closely misses you. The gnoll barely misses you.
You furiously retaliate!
You headbutt the gnoll. You block the gnoll's attack.
The gnoll closely misses you.
You closely miss the gnoll bouda.
The gnoll bouda is moderately wounded.
The gnoll bouda misses you. The gnoll barely misses you.
The gnoll hits you but does no damage. The gnoll barely misses you.
You furiously retaliate!
You headbutt the gnoll. The gnoll hits you with a +0 spear.
The gnoll bouda gazes fiercely through you!
You feel your attacks grow feeble.
The gnoll bouda hits you but does no damage.
The gnoll hits you with a +0 whip. The gnoll closely misses you.
The gnoll hits you with a +0 whip!
* * * LOW HITPOINT WARNING * * *
You hit the gnoll bouda. Your headbutt misses the gnoll bouda.
The gnoll bouda is heavily wounded.
The gnoll closely misses you.
The gnoll bouda hits you with a +0 whip!
* * * LOW HITPOINT WARNING * * *
The gnoll hits you but does no damage. The gnoll hits you with a +0 whip.
You die...

.....#+##..##
.....'......#
.....#......#
.....#......#
.....#.....##########
.....#.....#..)..(..#
.....#.....'........#
.....+.....#........#
.....#.....#...g@g..#
#.....#...ggg..#
#.....#........#
#.....#........#
#######........#
####......# #......+
#......#


You could see a gnoll bouda and 4 gnolls.

Vanquished Creatures
  2 hounds
  2 iguanas (D:4)
  Robin (D:2)
  5 adders
  2 ufetubi (D:4)
  5 worms
  A dart slug (D:3)
  3 orcs (D:4)
  9 ball pythons
  2 bats
  6 endoplasms
  3 giant cockroaches
  14 goblins
  10 hobgoblins
  4 jackals
  3 quokkas
  3 frilled lizards
  7 kobolds
  4 rats
86 creatures vanquished.

Notes
Turn   | Place    | Note
-------+----------+-------------------------------------------
     0 | D:1      | voltaire321 the Minotaur Fighter began the quest for the
                  | Orb.
     0 | D:1      | Reached XP level 1. HP: 19/19 MP: 0/0
   248 | D:1      | Reached XP level 2. HP: 27/27 MP: 1/1
   917 | D:2      | Reached skill level 1 in Dodging
   989 | D:2      | Reached XP level 3. HP: 29/33 MP: 2/2
  1349 | D:2      | Noticed Robin
  1377 | D:2      | Killed Robin
  1382 | D:2      | Reached XP level 4. HP: 14/40 MP: 3/3
  2339 | D:4      | Reached XP level 5. HP: 33/47 MP: 4/4
  2950 | D:4      | Found Hempu's Jewellery Emporium.
  3098 | D:5      | Entered Level 5 of the Dungeon
  3154 | D:5      | Reached XP level 6. HP: 53/55 MP: 5/5
  3243 | D:5      | Slain by a gnoll

Illustrated notes

Levels and vault maps discovered:
D:1:      noname_arrival_rooms_in_the_neighbourhood, layout_basic,
          minmay_misc_feat_tiny
D:2:      minmay_angry_zag, layout_basic, uniq_robin
D:3:      layout_basic, nicolae_wormholes
D:4:      layout_basic, serial_shops, shop, minmay_mini_jars
D:5:      layout_gridville, serial_shops, nicolae_shop_stone,
          guppyfry_shop_venom

Skill      XL: |  1  2  3  4  5 |
---------------+----------------+-----
Dodging        | 1 2 |  2.6
Shields        | 4 |  4.9
Armour         | 4 |  4.8
Fighting       | 4 |  4.8
Long Blades    | 3 4 |  4.0

Action                     |  1- 3 |  4- 6 || total
---------------------------+-------+-------++-------
  Melee: Long sword        |    87 |   147 ||   234
         Headbutt          |     7 |    18 ||    25
 Armour: Scale mail        |    53 |    47 ||   100
  Dodge: Dodged            |    41 |   141 ||   182
  Block: Buckler           |    30 |    38 ||    68

Table legend: (Time is in decaauts)
 A = Elapsed time spent in this place.
 B = Non-inter-level travel time spent in this place.
 C = Inter-level travel time spent in this place.
 D = Time resting spent in this place.
 E = Time spent auto-exploring this place.
 F = Levels seen in this place.
 G = Mean time per level.
                   A        B        C        D        E       F      G
               +--------+--------+--------+--------+--------+-----+--------+
         Total |   3305 |   3242 |     63 |     44 |   2559 |   5 |  661.0 |
       Dungeon |   3305 |   3242 |     63 |     44 |   2559 |   5 |  661.0 |
               +--------+--------+--------+--------+--------+-----+--------+

Top non-repeatable levels by time:
     D:3: 838 daAuts
     D:2: 789 daAuts
     D:4: 788 daAuts
     D:1: 741 daAuts
     D:5: 147 daAuts
